Map: Abiogenesis LE

Players

Earendil - Winner!

  • Race: Protoss Protoss
  • League: Master
  • Spawn Location: 11:00

Veryn

  • Race: Protoss Protoss
  • League: Master
  • Spawn Location: 5:00

VOD

Have the link to the VOD?

Description

Time

  • Played on: March 2, 2018, 2:25 p.m.
  • Length: 5:36
Show
View Real Time Build Order
Export as new Build Order

Earendil Protoss - Winner!

Build Orders:  

Get SALT Encoding   

  12  0:01  Probe  
  13  0:13  Probe  
  14  0:18  Pylon  
  14  0:25  Probe (Chrono Boost)  
  15  0:37  Probe (Chrono Boost)  
  15  0:39  Gateway  
  16  0:45  Probe (Chrono Boost)  
  16  0:47  Assimilator  
  17  0:52  Probe  
  18  0:58  Assimilator  
  18  1:04  Probe  
  19  1:16  Probe  
  20  1:20  Gateway  
  20  1:28  Cybernetics Core, Probe  
  21  1:38  Pylon  
  21  1:42  Probe (Chrono Boost)  
  22  1:52  Probe (Chrono Boost)  
  23  2:00  Warp Gate (Chrono Boost)  
  23  2:05  Stalker  
  23  2:08  Stalker  
  27  2:12  Probe  
  28  2:31  Pylon  
  28  2:43  Stalker  
  30  2:49  Stalker  
  32  3:01  Nexus  
  32  3:19  Robotics Facility  
  30  3:40  Probe  
  31  3:51  Stalker  
  31  3:52  Stalker, Probe  
  31  3:53  Shield Battery  
  36  3:58  Pylon  
  34  4:08  Probe  
  35  4:11  Immortal (Chrono Boost)  
  35  4:16  Stalker  
  41  4:20  Probe  
  41  4:23  Stalker  
  44  4:25  Probe  
  45  4:32  Probe  
  45  4:37  Probe  
  45  4:45  Immortal (Chrono Boost)  
  45  4:51  Stalker  
  47  4:56  Stalker  
  49  5:00  Probe  
  44  5:14  Stalker  
  44  5:15  Probe x2  
  44  5:20  Sentry  
  54  5:26  Shield Battery  
  54  5:31  Pylon  
Show
View Real Time Build Order
Export as new Build Order

Veryn Protoss 

Build Orders:  

Get SALT Encoding   

  12  0:00  Probe  
  13  0:12  Probe  
  14  0:18  Pylon  
  14  0:25  Probe (Chrono Boost)  
  15  0:37  Probe (Chrono Boost)  
  15  0:39  Gateway  
  16  0:45  Probe (Chrono Boost)  
  16  0:46  Assimilator  
  17  0:51  Probe (Chrono Boost)  
  17  0:55  Assimilator  
  18  1:03  Probe (Chrono Boost)  
  19  1:11  Probe (Chrono Boost)  
  19  1:15  Gateway  
  20  1:19  Probe  
  21  1:27  Cybernetics Core  
  21  1:31  Probe  
  22  1:36  Pylon  
  22  1:43  Probe  
  23  1:55  Probe  
  24  2:02  Warp Gate (Chrono Boost)  
  24  2:03  Stalker x2  
  28  2:31  Pylon  
  28  2:43  Gateway  
  28  2:44  Gateway  
  28  2:48  Stalker  
  28  2:49  Stalker  
  30  3:36  Stalker  
  30  3:37  Stalker  
  30  3:40  Pylon x2  
  34  3:57  Pylon  
  32  4:15  Stalker x4  
  40  4:28  Shield Battery  
  40  4:29  Shield Battery  
  40  4:42  Stalker x3  
  42  4:50  Stalker  
  37  5:11  Stalker x3  
  39  5:18  Stalker  
Tags
 
Matchup
PvP
Spawn Locations
Cross Positions
Add a new tag
Caveats
  • Supply blocks, unpowered buildings, or Contaminate may cause inaccurate times.
  • Supply counts are checked every 10 seconds.